 Dungeon Crawl Stone Soup version 0.26.1-11-gd32895ea62 (webtiles) character file.

Game seed: 7211500991249860054

144 hawla the Conjurer (level 5, -9/29 HPs)
             Began as a Deep Elf Conjurer on May 16, 2021.
             Mangled by a black bear (13 damage)
             ... on level 3 of the Dungeon.
             The game lasted 00:08:01 (3409 turns).

hawla the Conjurer (Deep Elf Conjurer)              Turns: 3409, Time: 00:08:01

Health: -9/29      AC:  2    Str:  4    XL:     5   Next: 5%
Magic:  4/13       EV: 13    Int: 24    God:
Gold:   46         SH:  0    Dex: 13    Spells: 5/12 levels left

rFire    . . .     SeeInvis .   (no weapon)
rCold    . . .     Faith    .   (no shield)
rNeg     . . .     Spirit   .   a - +0 robe
rPois    .         Reflect  .   (no helmet)
rElec    .         Harm     .   (no cloak)
rCorr    .         Rampage  .   (no gloves)
Will     +....     NoTele   +   (no boots)
Stlth    ++........             (no amulet)
HPRegen  0.09/turn              f - ring of willpower
MPRegen  0.13/turn              (no ring)

@: can't move, very slightly contaminated, hasted, very quick
A: no striking features
a: no special abilities


You were on level 3 of the Dungeon.
You visited 1 branch of the dungeon, and saw 3 of its levels.

You collected 46 gold pieces.

Inventory:

Missiles
 l - 2 boomerangs
Armour
 a - a +0 robe (worn)
 i - a +2 buckler
Jewellery
 f - a ring of willpower (left hand)
Wands
 b - a wand of paralysis (5)
 g - a wand of iceblast (11)
 o - a wand of flame (25)
Scrolls
 d - 2 scrolls of magic mapping
 k - a scroll of immolation {unknown}
 m - a scroll of identify
 n - a scroll of enchant weapon {unknown}
Potions
 c - a potion of magic
 e - 2 potions of might
 h - a potion of flight
 p - a potion of invisibility {unknown}


   Skills:
 - Level 1.0 Fighting
 - Level 2.4 Dodging
 - Level 2.4 Stealth
 - Level 4.0 Spellcasting
 + Level 5.5 Conjurations
 - Level 3.0 Translocations


You had 5 spell levels left.
You knew the following spells:

 Your Spells              Type           Power        Failure   Level
a - Magic Dart            Conj           100%         1%          1
b - Searing Ray           Conj           62%          1%          2
c - Iskenderun's Mystic   Conj/Tloc      25%          17%         4

Your spell library contained the following spells:

 Spells                   Type           Power        Failure   Level
 Dazzling Flash           Conj/Hex       36%          10%         3
 Fulminant Prism          Conj/Hex       9%           30%         4


Dungeon Overview and Level Annotations

Branches:
Dungeon (3/15)

Altars:
Qazlal


Message History

The searing ray hits the black bear!
The black bear is heavily wounded.
The searing ray misses the black bear.
The searing ray hits the black bear.
The black bear is severely wounded.
You finish channeling your searing ray.
The black bear goes berserk!
Casting: Searing Ray (safe; 1% risk of failure)
Confirm with . or Enter, or press ? or * to list all spells.
The spell is extremely dangerous to cast (17% risk of failure)!
Continue anyway?
You miscast Iskenderun's Mystic Blast.
You are very lightly contaminated with residual magic.
The floor and the ceiling briefly switch places.
You are magically locked in place.
The black bear bites you. The black bear closely misses you.
The black bear claws you. The black bear bites you! The black bear claws you!
* * * LOW HITPOINT WARNING * * *
The black bear completely misses you.
Okay, then.
You feel yourself speed up. The black bear bites you!
You die...

....#........................#...
....#............................
...#####.........................
.................................
..........................#...#..
##........................#...#..
#..............###.......#...#..
#............###.........#...#..
#........##.##.@..÷....#.#...#..
#........#..#.h###÷....#.....#..
#........#.##.##.)÷÷.#.##..###..
#.....(..#.#..#..((..#..#..# #..
#........#.#. #..##..#..#..# #..
#........#.#. #..##[.#..#.####..
#........#.# #......#..#.......
##########.## ##....## ##..#####
#..# ###### #...#


You could see a black bear (berserk).

Vanquished Creatures
  Ijyb (D:3)
  5 adders (D:3)
  A worm (D:3)
  3 dart slugs
  A leopard gecko (D:1)
  3 orcs (D:3)
  2 giant cockroaches (D:1)
  7 goblins
  5 hobgoblins
  5 jackals
  2 kobolds
  2 quokkas
  A ball python (D:3)
  12 bats
  7 frilled lizards
  5 rats
62 creatures vanquished.

Notes
Turn   | Place    | Note
-------+----------+-------------------------------------------
     0 | D:1      | hawla the Deep Elf Conjurer began the quest for the Orb.
     0 | D:1      | Reached XP level 1. HP: 10/10 MP: 6/6
   342 | D:1      | Reached XP level 2. HP: 16/16 MP: 1/8
   411 | D:1      | Learned a level 2 spell: Searing Ray
   685 | D:1      | Reached skill level 1 in Translocations
  1093 | D:1      | Reached XP level 3. HP: 20/20 MP: 7/10
  1504 | D:2      | Reached skill level 1 in Fighting
  2077 | D:2      | Found a stormy altar of Qazlal.
  2201 | D:3      | Noticed Ijyb
  2202 | D:3      | Paralysed by Ijyb for 6 turns
  2213 | D:3      | Killed Ijyb
  2214 | D:3      | Reached skill level 5 in Conjurations
  2307 | D:3      | Reached XP level 4. HP: 25/25 MP: 10/12
  2312 | D:3      | Learned a level 4 spell: Iskenderun's Mystic Blast
  3189 | D:3      | Reached XP level 5. HP: 29/29 MP: 4/13
  3403 | D:3      | Noticed a black bear
  3409 | D:3      | Mangled by a black bear

Illustrated notes

Levels and vault maps discovered:
D:1:      dpeg_arrival_rhombi, layout_basic
D:2:      layout_loops_cross, nicolae_qazlal_general_emergency
D:3:      layout_basic, minmay_randomly_rotated_circles, uniq_ijyb

Skill      XL: |  1  2  3  4  5 |
---------------+----------------+-----
Translocations | 1 2 3 |  3.0
Fighting       | 1 |  1.0
Spellcasting   | 4 |  4.0
Conjurations   | 5 |  5.5
Dodging        | |  2.4
Stealth        | |  2.4

Action                   |  1- 3 |  4- 6 || total
-------------------------+-------+-------++-------
Melee: Unarmed           |       |    10 ||    10
 Cast: Magic Dart        |    34 |     9 ||    43
       Searing Ray       |    19 |    23 ||    42
  Use: Scroll            |     7 |     2 ||     9
       Potion            |       |     1 ||     1
Armor: Robe              |     2 |     4 ||     6
Dodge: Dodged            |     8 |    25 ||    33
